 Dungeon Crawl Stone Soup version 0.31-a0-196-g86fe4a5e66 (webtiles) character file.

Game seed: 9810919276557105859

22 qw the Shooter (level 2, -1/16 HPs)
             Began as a Deep Elf Hunter on June 24, 2023.
             Slain by a quokka (4 damage)
             ... on level 1 of the Dungeon.
             The game lasted 00:00:10 (496 turns).

qw the Shooter (Deep Elf Hunter)                     Turns: 496, Time: 00:00:11

Health: -1/16      AC:  3    Str:  8    XL:     2   Next: 68%
Magic:  4/4        EV: 12    Int: 13    God:
Gold:   25         SH:  0    Dex: 18    Spells: 1/1 levels left

rFire   . . .        a - +0 shortbow
rCold   . . .        (shield currently unavailable)
rNeg    . . .        c - +0 leather armour
rPois   .            (no helmet)
rElec   .            (no cloak)
rCorr   .            (no gloves)
SInv    .            (no boots)
Will    .....        (no amulet)
Stlth   ++           (no ring)
HPRegen 0.22/turn    (no ring)
MPRegen 0.09/turn

%: no passive effects
@: no status effects
A: no striking features
a: no special abilities


You were on level 1 of the Dungeon.
You visited 1 branch of the dungeon, and saw 1 of its levels.

You collected 25 gold pieces.


   Skills:
 - Level 1.5 Fighting
 + Level 6.4 Ranged Weapons
 - Level 2.4 Dodging
 - Level 1.2 Stealth


You had one spell level left.
You didn't know any spells.
Your spell library was empty.

Inventory:

Hand Weapons
 a - a +0 shortbow (weapon)
Armour
 c - a +0 leather armour (worn)
Jewellery
 e - a ring of protection from fire
 f - an amulet of the acrobat
Scrolls
 b - a scroll of butterflies
 h - a scroll of fear {unknown}
 i - a scroll of amnesia {unknown}
Potions
 d - a potion of attraction {unknown}
 g - a potion of might {unknown}
 j - a potion of haste {unknown}

Dungeon Overview and Level Annotations

Branches:
Dungeon (1/15)

Altars:


Message History

You kill the frilled lizard!
You hear a shout!
A hobgoblin comes into view.
You hear a shout!
You shoot an arrow. The arrow closely misses the hobgoblin.
A quokka comes into view.
You shoot an arrow. The arrow hits the quokka.
The quokka is almost dead.
You shoot an arrow. The arrow barely misses the quokka.
The quokka closely misses you. The hobgoblin barely misses you.
The quokka misses you.
A quokka comes into view.
The hobgoblin closely misses you.
You shoot an arrow. The arrow barely misses the quokka.
The quokka bites you. The hobgoblin hits you.
You shoot an arrow. The arrow closely misses the quokka.
The quokka barely misses you. The hobgoblin closely misses you.
You shoot an arrow. The arrow misses the quokka.
The quokka bites you. x2
A hobgoblin comes into view.
The hobgoblin hits you but does no damage.
The quokka barely misses you. x2
You shoot an arrow. The arrow hits the quokka.
You kill the quokka!
The hobgoblin hits you. The quokka misses you.
You shoot an arrow.
The arrow hits the quokka but does no damage.
The quokka bites you but does no damage.
The hobgoblin hits you but does no damage.
You shoot an arrow. The arrow barely misses the hobgoblin.
The quokka closely misses you. The hobgoblin closely misses you.
The hobgoblin barely misses you. The quokka bites you.
You shoot an arrow. The arrow barely misses the hobgoblin.
A giant cockroach comes into view.
The hobgoblin hits you. The hobgoblin misses you. The quokka barely misses you.
The giant cockroach moves out of view.
You shoot an arrow.
The arrow hits the hobgoblin but does no damage.
The hobgoblin closely misses you. x2; The quokka bites you.
You die...

## .## ###
..####
##..##....##
#....rgg...###
#.@.......
##.:.)....
#%.>...##
#.....## ..
##.##..#.
#..####........#
#.......##..###
#.##....##..# .#
###..##..# .# #


You could see a quokka and 2 hobgoblins.

Vanquished Creatures
  2 dart slugs (D:1)
  2 ball pythons (D:1)
  2 endoplasms (D:1)
  A giant cockroach (D:1)
  A hobgoblin (D:1)
  3 kobolds (D:1)
  A quokka (D:1)
  4 frilled lizards (D:1)
  2 rats (D:1)
18 creatures vanquished.

Notes
Turn   | Place    | Note
-------+----------+-------------------------------------------
     0 | D:1      | qw the Deep Elf Hunter began the quest for the Orb.
     0 | D:1      | Reached XP level 1. HP: 12/12 MP: 3/3
     0 | D:1      | 0 ||| qw: Version: 0.3-a-9-g12657ce
     0 | D:1      | 0 ||| qw: Game counter: 4827
     0 | D:1      | 0 ||| qw: Always use a shield: true
     0 | D:1      | 0 ||| qw: God list: Okawaru
     0 | D:1      | 0 ||| qw: Allow faded altars: false
     0 | D:1      | 0 ||| qw: Do Orc after D:15 true
     0 | D:1      | 0 ||| qw: Do second Lair branch before Depths: true
     0 | D:1      | 0 ||| qw: Lair rune preference: random
     0 | D:1      | 0 ||| qw: Plans: Normal
     0 | D:1      | 0 ||| PLANNING D:1-11
   127 | D:1      | Reached XP level 2. HP: 13/16 MP: 4/4
   127 | D:1      | 127 ||| FLEEEEING.
   128 | D:1      | 128 ||| FLEEEEING.
   129 | D:1      | 129 ||| FLEEEEING.
   130 | D:1      | 130 ||| FLEEEEING.
   131 | D:1      | 131 ||| FLEEEEING.
   136 | D:1      | Reached skill level 6 in Ranged Weapons
   494 | D:1      | HP: 3/16 [quokka (3)]
   496 | D:1      | Slain by a quokka

Levels and vault maps discovered:
D:1:      matt_arrival_refuge, layout_loops_ring, minmay_close_crescents

Skill      XL: |  1  2 |
---------------+-------+-----
Ranged Weapons | 6 |  6.4
Fighting       | |  1.5
Dodging        | |  2.4
Stealth        | |  1.2

Action                     || total
---------------------------++-------
   Fire: Shortbow          ||    43
 Armour: Leather armour    ||     5
  Dodge: Dodged            ||    19

Table legend:
 A = Non-vault XP
 B = Vault XP
 C = Vault XP percentage of total XP
 D = Non-vault monster count
 E = Vault monster count
 F = Vault count percentage of total count
                 A         B        C        D         E       F
            +---------+---------+-------+---------+---------+-------
      Total |      29 |       3 |   9.4 |      16 |       2 |  11.1
            +---------+---------+-------+---------+---------+-------
        D:1 |      29 |       3 |   9.4 |      16 |       2 |  11.1
            +---------+---------+-------+---------+---------+-------
